 Dungeon Crawl Stone Soup version 0.26-a0-660-gc07710193c (webtiles) character file.

Game seed: 4526433831956258706

2 jiml777 the Grasshopper (level 1, 0/20 HPs)
             Began as a Gnoll Warper on Oct 5, 2020.
             Slain by a goblin
             ... wielding a +1 dagger of electrocution
              (20 damage)
             ... on level 1 of the Dungeon.
             The game lasted 00:00:19 (36 turns).

jiml777 the Grasshopper (Gnoll Warper)                Turns: 36, Time: 00:00:20

Health: 0/20       AC:  3    Str: 13    XL:     1   Next: 30%
Magic:  6/6        EV: 14    Int: 15    God:
Gold:   0          SH:  0    Dex: 14    Spells: 9/9 levels left

rFire    . . .     SeeInvis .   a - +0 hand axe
rCold    . . .     Faith    .   (no shield)
rNeg     . . .     Spirit   .   b - +0 leather armour
rPois    .         Reflect  .   (no helmet)
rElec    .         Harm     .   (no cloak)
rCorr    .         Rampage  .   (no gloves)
MR       .....                  (no boots)
Stlth    +.........             (no amulet)
HPRegen  0.06/turn              (no ring)
MPRegen  0.10/turn              (no ring)

@: no status effects
A: distributed training, fangs 1, strong nose
a: no special abilities


You were on level 1 of the Dungeon.
You visited 1 branch of the dungeon, and saw 1 of its levels.

Inventory:

Hand Weapons
 a - a +0 hand axe (weapon)
Missiles
 e - 5 boomerangs of dispersal (quivered)
 g - 9 bolts
Armour
 b - a +0 leather armour (worn)
Scrolls
 c - a scroll of identify {unknown}
 d - a scroll of blinking
 f - a scroll of enchant weapon {unknown}


   Skills:
 + Level 4.4 Fighting
 + Level 0.0 Short Blades
 + Level 0.0 Long Blades
 + Level 4.4 Axes
 + Level 0.0 Maces & Flails
 + Level 0.0 Polearms
 + Level 0.0 Staves
 + Level 0.0 Slings
 + Level 0.0 Bows
 + Level 0.0 Crossbows
 + Level 2.3 Throwing
 + Level 2.3 Armour
 + Level 4.4 Dodging
 + Level 0.0 Stealth
 + Level 0.0 Shields
 + Level 0.0 Unarmed Combat
 + Level 4.8 Spellcasting
 + Level 0.0 Conjurations
 + Level 0.0 Hexes
 + Level 0.0 Summonings
 + Level 0.0 Necromancy
 + Level 5.3 Translocations
 + Level 0.0 Transmutations
 + Level 0.0 Fire Magic
 + Level 0.0 Ice Magic
 + Level 0.0 Air Magic
 + Level 0.0 Earth Magic
 + Level 0.0 Poison Magic
 + Level 0.1 Invocations
 + Level 0.0 Evocations


You had 9 spell levels left.
You didn't know any spells.
Your spell library contained the following spells:

 Spells                   Type           Power        Failure   Level
 Blink                    Tloc           N/A          3%          2
 Gell's Gravitas          Tloc           ###.......   7%          3
 Lesser Beckoning         Tloc           ###.......   7%          3
 Teleport Other           Tloc           ###.....     7%          3
 Passage of Golubria      Tloc           N/A          24%         4


Dungeon Overview and Level Annotations

Branches:
Dungeon (1/15)

Altars:


Innate Abilities, Weirdness & Mutations

Your experience applies equally to all skills.
You have very sharp teeth.
Your uncanny sense of smell can sniff out nearby items.


Message History

The goblin misses you.
You hit the goblin.
You kill the goblin!
The rat barely misses you.
You slash the rat!
You kill the rat!
c - a scroll labeled CEABUV QAFOGI
f - a scroll labeled GEATUOPRASOU A goblin comes into view.
It is wielding a +1 dagger of electrocution.
You see here 9 bolts.
g - 9 bolts The goblin shouts!
A rat comes into view.
A frilled lizard comes into view.
The frilled lizard hisses angrily.
You hit the goblin.
The goblin is heavily wounded.
The goblin hits you but does no damage.
You are electrocuted!!
Ouch! That really hurt!
You die...

..............(......
...##................
#...##....######.
#................
#....#....#######
#....##.....#
#....##.....# ∆
#....##.....#
#@..........#
#..g............
#....####........
#....# #...≈≈...≈
.....r# #...≈
.##..... ≈≈≈≈ #
#..... ..l...


You could see a goblin, a frilled lizard and a rat.

Vanquished Creatures
  A goblin (D:1)
  A rat (D:1)
2 creatures vanquished.

Notes
Turn   | Place    | Note
-------+----------+-------------------------------------------
     0 | D:1      | jiml777 the Gnoll Warper began the quest for the Orb.
     0 | D:1      | Reached XP level 1. HP: 20/20 MP: 6/6
    36 | D:1      | Slain by a goblin

Illustrated notes

Levels and vault maps discovered:
D:1:      heliophobic_arrival_glass_houses, layout_basic,
          chequers_serial_rivers_small_3, chequers_serial_rivers_marsh

Action                   || total
-------------------------++-------
Melee: Hand axe          ||     4
Armor: Leather armour    ||     1
Dodge: Dodged            ||     2

Table legend: (Time is in decaauts)
 A = Elapsed time spent in this place.
 B = Non-inter-level travel time spent in this place.
 C = Inter-level travel time spent in this place.
 D = Time resting spent in this place.
 E = Time spent auto-exploring this place.
 F = Levels seen in this place.
 G = Mean time per level.
                   A        B        C        D        E       F      G
               +--------+--------+--------+--------+--------+-----+--------+
         Total |     36 |     36 |      0 |      0 |      9 |   1 |   36.0 |
       Dungeon |     36 |     36 |      0 |      0 |      9 |   1 |   36.0 |
               +--------+--------+--------+--------+--------+-----+--------+

Top non-repeatable levels by time:
     D:1: 36 daAuts
